 Dungeon Crawl Stone Soup version 0.19-a0-1168-g98094fc (webtiles) character file.

70257 HaroldButt the Grappler (level 15, -2/82 HPs)
             Began as a Vine Stalker Fighter on Aug 15, 2016.
             Was a High Priest of Cheibriados.
             Slain by an orc knight
             ... wielding a +0 battleaxe
              (15 damage)
             ... on level 2 of the Orcish Mines.
             The game lasted 01:09:14 (14149 turns).

HaroldButt the Grappler (Vine Stalker Fighter)     Turns: 14149, Time: 01:09:15

Health: -2/82      AC: 11    Str: 36    XL:     15   Next: 32%
Magic:  0/25       EV: 18    Int: 24    God:    Cheibriados [*****.]
Gold:   2218       SH:  0    Dex: 27    Spells: 0 memorised, 14 levels left

rFire  . . .     SeeInvis +       - Unarmed
rCold  + + .     Gourm    .     N - +0 plate armour {rC+}
rNeg   + . .     Faith    .     (no shield)
rPois  .         Spirit   +     y - +0 hat {MR+}
rElec  .         Dismiss  .     M - +1 cloak (curse)
rCorr  .         Reflect  .     p - +0 pair of gloves
MR     ++...     Harm     .     n - +2 pair of boots
Stlth  ..........               (no amulet)
                                r - ring of positive energy
                                G - +2 ring of intelligence

@: about to teleport, corroded, drained, very slow
A: claws 1, fangs 3, rugged brown scales 1, camouflage 1, see invisible, blink,
clever 1, cold resistance 1, regeneration 3, magic shield, antimagic bite, no
device heal 3, rot immunity, MP-powered wands
a: Blink, Bend Time, Temporal Distortion, Slouch, Step From Time, Renounce
Religion


You were on level 2 of the Orcish Mines.
You worshipped Cheibriados.
Cheibriados was extremely pleased with you.
You were hungry.

You visited 4 branches of the dungeon, and saw 19 of its levels.

You collected 2989 gold pieces.
You spent 771 gold pieces at shops.


Innate Abilities, Weirdness & Mutations

You have razor-sharp teeth.
You regenerate.
When hurt, damage is shared between your health and your magic reserves.
Your bite disrupts and absorbs the magic of your enemies.
Potions and wands cannot restore your health.
You are immune to rotting.
You have sharp fingernails.
You are partially covered in rugged brown scales. (AC +1, +3% HP)
Your skin changes colour to match your surroundings (Stealth+).
You have supernaturally acute eyesight. (SInv)
You can translocate small distances at will.
Your mind is acute. (Int +2)
Your flesh is cold resistant. (rC+)
You expend magic power (3 MP) to strengthen your wands.


   Skills:
 - Level 10.0(9.6) Fighting
 - Level 12.0(11.6) Armour
 + Level 10.1(9.7) Dodging
 - Level 2.6(2.3) Shields
 - Level 12.0(11.6) Unarmed Combat
 - Level 12.0(11.6) Invocations


You had 14 spell levels left.
You didn't know any spells.

Inventory:

Missiles
 c - 48 poisoned needles
Armour
 g - the +5 leather armour "Redethri" {*Corrode rF+ MR+ Regen+}

   It protects you from fire.
   It affects your resistance to hostile enchantments.
   It increases your rate of regeneration.
   It may corrode you when you take damage.
 n - a +2 pair of boots (worn)
 p - a +0 pair of gloves (worn)
 x - the +1 buckler of the Sun {rC+ Int+3 Dex+2}

   It affects your intelligence (+3).
   It affects your dexterity (+2).
   It protects you from cold.
 y - a +0 hat of magic resistance (worn)
 M - a cursed +1 cloak (worn)
 N - a +0 plate armour of cold resistance (worn)
Jewellery
 r - a ring of positive energy (right hand)
 v - an uncursed ring of fire
 G - a +2 ring of intelligence (left hand)
Wands
 h - a wand of digging (11/24)
 A - a wand of teleportation (2/9) {!d@v4}
 F - a wand of teleportation (6/9) {!d@v4}
 L - a wand of acid (3/15)
Scrolls
 b - 3 scrolls of teleportation {@r4}
 l - 4 scrolls of recharging
 o - 5 scrolls of amnesia
 s - 3 scrolls of fear
 t - 3 scrolls of immolation {!r}
 u - 4 scrolls of fog
 w - 2 scrolls of blinking
 z - 3 scrolls of enchant weapon
 E - 3 scrolls of magic mapping
 I - 4 scrolls of identify {@r1}
 K - 2 scrolls of remove curse
Potions
 e - 3 potions of resistance
 j - 8 potions of curing {@q1}
 k - a potion of invisibility
 m - 3 potions of ambrosia
 q - a potion of agility
 D - a potion of magic
 J - 2 potions of might
Books
 a - a book of Death

   Spells                             Type                      Level
   a - Corpse Rot                     Necromancy                   2
   b - Sublimation of Blood           Necromancy                   2
   c - Agony                          Necromancy                   5
   d - Dispel Undead                  Necromancy                   5
   e - Excruciating Wounds            Charms/Necromancy            5
   f - Bolt of Draining               Conjuration/Necromancy       5
Miscellaneous
 H - a phantom mirror
Comestibles
 d - 6 bread rations
 f - 4 meat rations
 B - 5 royal jellies

Dungeon Overview and Level Annotations

Branches:
Dungeon (10/15)            Temple (1/1) D:5            Lair (6/6) D:8
 Shoals (0/4) Lair:3        Snake (0/4) Lair:4        Slime (0/5) Lair:5
    Orc (2/2) D:10            Elf (0/3) Orc:2

Altars:
Ashenzari
Cheibriados
Dithmenos
Fedhas
Gozag
Hepliaklqana
Makhleb
Nemelex Xobeh
Okawaru
Ru
Sif Muna
Trog
Vehumet
Zin
The Shining One
Beogh

Shops:
D:4 ?(?   Orc:2 *

Portals:
Hell: Lair:6

Annotations:
D:4 shop need digging

. ▒▒▒.........▒▒▒▒... ...
▒▒.............▒▒...
...▒▒▒...............▒...
o▒.▒.▒.▒.▒.▒.▒.▒.▒.▒.▒...
...)......................
o..)▒)▒.(.3...............
.))o).)).o........)...)...
▒.▒)▒.▒)▒.▒3▒.▒.▒.▒.▒.▒... ▒
▒.ofo...........▒...
▒▒oo#..........▒▒...
▒▒▒.........▒▒▒▒.)) ▒▒▒.....▒▒▒
▒(). ▒▒▒▒▒▒▒▒▒▒▒▒▒).
▒▒▒▒▒▒▒▒▒▒▒▒▒▒▒▒▒▒▒▒▒▒▒▒▒▒..[.)).
..<...............▒.......▒▒▒▒▒..
.▒......▒▒▒▒.......▒.▒▒▒.▒▒ ▒..
▒▒▒..▒.▒▒ ▒▒▒.▒▒.▒▒▒▒ ▒▒▒ ▒▒.


You could see an orc knight, a soul eater, an orc high priest, a ynoxinul, an
orc warrior and 2 orc priests.


Message History

* * * LOW HITPOINT WARNING * * *
The rust devil hits you.
* * * LOW HITPOINT WARNING * * *
The rust devil corrodes you!
You closely miss the orc high priest. You bite the orc high priest.
You drain its power.
You feel invigorated.
The orc high priest is almost dead.
The orc high priest mumbles some strange prayers to Beogh.
The orc high priest is healed somewhat.
The orc high priest prays to Beogh.
You pummel the orc high priest!!
You kill the orc high priest!
Cheibriados appreciates the change of pace.
The orc warrior hits you with a long sword of draining.
* * * LOW HITPOINT WARNING * * *
You partially resist.
You feel drained.
The orc knight hits you with a battleaxe!
* * * LOW HITPOINT WARNING * * *
The orc high priest mumbles some strange prayers to Beogh.
You hit the orc priest but do no damage.
You bite the orc priest, but do no damage.
The orc warrior misses you.
The orc priest hits you but does no damage.
The orc knight roars a battlecry!
The orcs go into a battle-frenzy!
The orc knight hits you with a battleaxe!!
You die...

Action                   |  1- 3 |  4- 6 |  7- 9 | 10-12 | 13-15 || total
-------------------------+-------+-------+-------+-------+-------++-------
Melee: Unarmed           |    90 |    43 |   254 |   638 |   711 ||  1736
       Bite              |    32 |     8 |   118 |   327 |   393 ||   878
       Punch             |       |       |    13 |    41 |    72 ||   126
Invok: Slouch            |       |       |       |     1 |    12 ||    13
 Abil: Evoke Berserk Rag |     1 |       |       |       |       ||     1
Evoke: Wand              |       |       |       |       |     4 ||     4
  Use: Scroll            |    10 |       |     9 |    10 |     7 ||    36
       Potion            |     2 |     2 |     2 |     2 |     1 ||     9
 Stab: Sleeping          |       |       |     8 |     6 |       ||    14
       Distracted        |       |       |     1 |     1 |       ||     2
  Eat: Chunk             |     2 |     1 |    12 |     6 |     9 ||    30
       Pizza             |     1 |       |       |     1 |       ||     2
       Fruit             |       |       |     2 |       |       ||     2
       Beef jerky        |       |       |       |     1 |     2 ||     3
Armor: Scale mail        |    46 |    18 |     7 |       |       ||    71
       Leather armour    |       |       |    65 |    51 |       ||   116
       Skin              |       |       |     2 |       |       ||     2
       Plate armour      |       |       |       |   205 |   294 ||   499
Dodge: Dodged            |    29 |    15 |   161 |   579 |   544 ||  1328
Block: Shield            |     5 |       |       |       |       ||     5

Vault maps used:
D:1:      saegor_arrival_fortress
D:3:      minmay_misc_feat_plants, uniq_sigmund
D:4:      grunt_temple_overflow_gold_and_silver, kennysheep_mini_moat,
          nicolae_dithmenos_shadow_blocks, serial_shops, shop,
          nicolae_shop_crystal, nicolae_shop_statue_plus, first_bread,
          minmay_box_of_dots, uniq_menkaure
D:5:      kennysheep_spiral_hall, nicolae_overflow_crystal_walls
D:6:      minmay_diamond_boxcup, okawaru_altar_gauntlet_db
D:7:      kennysheep_steamy, lemuel_round_altar
D:8:      lemuel_crystal_altar, david_lair_generic
D:9:      cheibrodos_ashenzari_chains, serial_glass, glass_columns_a,
          glass_columns_b, uniq_erica
D:10:     minmay_orc_entry_temple_small
Temple:   nicolae_temple_great_sept
Lair:1:   grunt_megastairs_1, infiniplex_staircase_pool_2, uniq_fannar
Lair:3:   regret_index_wax_grids, elwin_shoals_entry_rocks, grunt_megastairs_4
Lair:4:   minmay_snake_entry_guardpost_medium, serial_bayou_shore_a
Lair:5:   nicolae_slime_entry_slimehenge, minmay_lair_oklob_bushes, uniq_urug,
          uniq_kirke, uniq_snorg
Lair:6:   evil_forest, st_stairs_3
Orc:2:    st_orc_pillars, serial_shops, nicolae_shop_trees

Notes
Turn   | Place    | Note
-------+----------+-------------------------------------------
     0 | D:1      | HaroldButt the Vine Stalker Fighter began the quest for the Orb.
     0 | D:1      | Reached XP level 1. HP: 11/11 MP: 2/2
   144 | D:1      | Reached XP level 2. HP: 16/16 MP: 3/3
   504 | D:1      | Reached skill level 3 in Unarmed Combat
   773 | D:2      | Reached XP level 3. HP: 13/19 MP: 2/4
  1537 | D:3      | Reached skill level 4 in Unarmed Combat
  1704 | D:3      | Noticed Sigmund
  1727 | D:3      | Reached XP level 4. HP: 22/23 MP: 5/5
  1736 | D:3      | Killed Sigmund
  1736 | D:3      | Reached skill level 5 in Unarmed Combat
  1736 | D:3      | Reached XP level 5. HP: 25/27 MP: 2/6
  1948 | D:4      | Reached skill level 6 in Unarmed Combat
  2002 | D:4      | Gained mutation: You heal very quickly. [Vine Stalker growth]
  2002 | D:4      | Reached XP level 6. HP: 30/32 MP: 7/7
  2028 | D:4      | Noticed Menkaure
  2034 | D:4      | Killed Menkaure
  2034 | D:4      | Reached skill level 7 in Unarmed Combat
  2046 | D:4      | Reached XP level 7. HP: 34/35 MP: 8/8
  2101 | D:4      | Found Etio's Weapon Shop.
  2105 | D:4      | Found Pisipy's Magic Scroll Boutique.
  2119 | D:4      | Bought a scroll of immolation for 45 gold pieces
  2119 | D:4      | Bought a scroll of fog for 26 gold pieces
  2119 | D:4      | Bought a scroll of identify for 26 gold pieces
  2134 | D:4      | Found Qaluz's Magic Scroll Shop.
  2152 | D:4      | Found an opulent altar of Gozag.
  2153 | D:4      | Found a glowing silver altar of Zin.
  2206 | D:4      | Found a shadowy altar of Dithmenos.
  2210 | D:4      | Identified 2 potions of resistance
  2498 | D:4      | Found a sacrificial altar of Ru.
  2607 | D:5      | Entered Level 5 of the Dungeon
  2679 | D:5      | Got a dazzling leather armour
  2690 | D:5      | Identified the +5 leather armour "Redethri" {*Corrode rF+ MR+ Regen+} (You found it on level 5 of the Dungeon)
  2759 | D:5      | Reached skill level 8 in Unarmed Combat
  2766 | D:5      | Gained mutation: You have supernaturally acute eyesight. (SInv) [mutagenic meat]
  2769 | D:5      | Gained mutation: Your flesh is cold resistant. (rC+) [mutagenic meat]
  2772 | D:5      | Gained mutation: Your skin changes colour to match your surroundings (Stealth+). [mutagenic meat]
  2778 | D:5      | Gained mutation: You are partially covered in rugged brown scales. (AC +1, +3% HP) [mutagenic meat]
  2781 | D:5      | Gained mutation: You expend magic power (3 MP) to strengthen your wands. [mutagenic meat]
  2809 | D:5      | Reached skill level 1 in Dodging
  2879 | D:5      | Reached skill level 2 in Dodging
  3212 | D:5      | Found a glowing golden altar of the Shining One.
  3239 | D:5      | Found a staircase to the Ecumenical Temple.
  3243 | Temple   | Entered the Ecumenical Temple
  3253 | Temple   | Became a worshipper of Cheibriados the Contemplative
  3703 | D:6      | Reached skill level 3 in Dodging
  3703 | D:6      | Gained mutation: You have razor-sharp teeth. [Vine Stalker growth]
  3703 | D:6      | Reached XP level 8. HP: 40/40 MP: 9/9
  3746 | D:6      | Reached skill level 4 in Dodging
  3817 | D:6      | Gained mutation: You can translocate small distances at will. [potion of mutation]
  3817 | D:6      | Gained mutation: You have sharp fingernails. [potion of mutation]
  3867 | D:6      | Found an iron altar of Okawaru.
  3954 | D:6      | Reached * piety under Cheibriados
  3990 | D:6      | Reached skill level 5 in Dodging
  4242 | D:7      | Found a burning altar of Makhleb.
  4390 | D:7      | Reached skill level 6 in Dodging
  4424 | D:7      | Noticed Leszczynek's ghost (novice OgEE)
  4441 | D:7      | Killed Leszczynek's ghost
  4441 | D:7      | Reached skill level 7 in Dodging
  4441 | D:7      | Reached XP level 9. HP: 15/44 MP: 4/10
  4741 | D:7      | Reached ** piety under Cheibriados
  4741 | D:7      | Reached skill level 8 in Dodging
  4822 | D:8      | Reached skill level 3 in Armour
  4851 | D:8      | Noticed Tux's ghost (novice DsFi)
  4863 | D:8      | Found a staircase to the Lair.
  4863 | D:8      | Noticed an elephant
  4896 | D:7      | Killed an elephant
  4896 | D:7      | Reached skill level 4 in Armour
  4949 | D:8      | Reached skill level 5 in Armour
  5015 | D:8      | Reached XP level 10. HP: 45/48 MP: 11/11
  5047 | D:8      | Reached skill level 6 in Armour
  5361 | D:8      | Killed Tux's ghost
  5361 | D:8      | Reached skill level 7 in Armour
  5362 | D:8      | Found a deep blue altar of Sif Muna.
  5608 | D:9      | Identified 3 scrolls of acquirement
  5611 | D:9      | Got a faintly glowing buckler
  5643 | D:9      | Identified the +1 buckler of the Sun {rC+ Int+3 Dex+2} (You acquired it on level 9 of the Dungeon)
  5704 | D:9      | Reached *** piety under Cheibriados
  5716 | D:9      | Noticed Erica
  5740 | D:9      | Killed Erica
  5740 | D:9      | Reached skill level 8 in Armour
  5882 | D:9      | Reached skill level 3 in Fighting
  5944 | D:9      | Found a shattered altar of Ashenzari.
  5995 | D:9      | Noticed a cyclops
  6008 | D:9      | Killed a cyclops
  6008 | D:9      | Reached skill level 4 in Fighting
  6142 | D:10     | Entered Level 10 of the Dungeon
  6199 | D:10     | Reached skill level 5 in Fighting
  6376 | D:10     | Reached **** piety under Cheibriados
  6507 | D:10     | Reached skill level 6 in Fighting
  6507 | D:10     | Reached XP level 11. HP: 57/57 MP: 12/12
  6847 | D:10     | Reached skill level 7 in Fighting
  6917 | D:10     | Found a staircase to the Orcish Mines.
  6941 | D:10     | Found a roughly hewn altar of Beogh.
  6951 | D:10     | Reached skill level 8 in Fighting
  6961 | D:10     | Reached ***** piety under Cheibriados
  7273 | Lair:1   | Entered Level 1 of the Lair of Beasts
  7313 | Lair:1   | Noticed an eight-headed hydra
  7319 | Lair:1   | Killed an eight-headed hydra
  7350 | Lair:1   | Reached skill level 9 in Fighting
  7809 | Lair:1   | Reached skill level 10 in Fighting
  7870 | Lair:1   | Noticed Fannar
  7884 | Lair:1   | Killed Fannar
  7884 | Lair:1   | Reached skill level 9 in Unarmed Combat
  7884 | Lair:1   | Gained mutation: You regenerate. [Vine Stalker growth]
  7884 | Lair:1   | Reached XP level 12. HP: 69/69 MP: 13/13
  7889 | Lair:1   | Identified a wand of teleportation (You found it on level 1 of the Lair of Beasts)
  8219 | Lair:2   | Reached skill level 10 in Unarmed Combat
  8659 | Lair:2   | Reached skill level 11 in Unarmed Combat
  8883 | Lair:3   | Reached ****** piety under Cheibriados
  8933 | Lair:3   | Reached skill level 12 in Unarmed Combat
  8940 | Lair:3   | Reached skill level 1 in Invocations
  8965 | Lair:3   | Reached skill level 2 in Invocations
  8983 | Lair:3   | Reached skill level 3 in Invocations
  9006 | Lair:3   | Reached skill level 4 in Invocations
  9034 | Lair:3   | Gained mutation: Your mind is acute. (Int +2) [potion of beneficial mutation]
  9141 | Lair:3   | Found a staircase to the Shoals.
  9207 | Lair:3   | Reached skill level 5 in Invocations
  9323 | Lair:3   | Reached skill level 6 in Invocations
  9323 | Lair:3   | Reached XP level 13. HP: 67/74 MP: 18/18
  9728 | Lair:3   | Reached skill level 7 in Invocations
  9824 | Lair:3   | Reached skill level 8 in Invocations
  9860 | Lair:4   | Reached skill level 9 in Invocations
  9924 | Lair:4   | Reached skill level 10 in Invocations
 10074 | Lair:4   | Found a staircase to the Snake Pit.
 10172 | Lair:4   | Reached skill level 11 in Invocations
 10841 | Lair:5   | Noticed Snorg
 10851 | Lair:5   | Killed Snorg
 10851 | Lair:5   | Reached skill level 12 in Invocations
 10905 | Lair:5   | Reached XP level 14. HP: 68/79 MP: 24/24
 10949 | Lair:5   | Found a staircase to the Slime Pits.
 10966 | Lair:5   | Noticed Urug
 10974 | Lair:5   | Killed Urug
 11024 | Lair:5   | Reached skill level 9 in Armour
 11070 | Lair:5   | Noticed Kirke
 11080 | Lair:5   | Killed Kirke
 11182 | Lair:5   | Reached skill level 10 in Armour
 11689 | Lair:6   | Entered Level 6 of the Lair of Beasts
 11861 | Lair:6   | Reached skill level 11 in Armour
 12538 | Lair:6   | Found a burning altar of Makhleb.
 12551 | Lair:6   | Reached skill level 12 in Armour
 12587 | Lair:6   | Reached XP level 15. HP: 50/82 MP: 25/25
 12613 | Lair:6   | Found a gateway to Hell.
 13025 | D:4      | Bought a scroll of identify for 24 gold pieces
 13025 | D:4      | Bought a scroll of enchant armour for 90 gold pieces
 13025 | D:4      | Bought a scroll of identify for 24 gold pieces
 13025 | D:4      | Bought a scroll of identify for 24 gold pieces
 13076 | D:4      | Bought a scroll of recharging for 123 gold pieces
 13076 | D:4      | Bought a scroll of blinking for 97 gold pieces
 13076 | D:4      | Bought a scroll of magic mapping for 45 gold pieces
 13194 | Orc:1    | Entered Level 1 of the Orcish Mines
 13321 | Orc:2    | Entered Level 2 of the Orcish Mines
 13367 | Orc:2    | Found a staircase to the Elven Halls.
 13606 | Orc:1    | Reached skill level 9 in Dodging
 14027 | Orc:2    | Found Gida's Assorted Antiques.
 14049 | Orc:2    | Bought a scroll of blinking for 247 gold pieces
 14132 | Orc:2    | Reached skill level 10 in Dodging
 14149 | Orc:2    | Slain by an orc knight

Vanquished Creatures
  Kirke (Lair:5)
  Snorg (Lair:5)
  6 hydras
  Fannar (Lair:1)
  Erica (D:9)
  A catoblepas (Lair:6)
  The ghost of Tux the Fighter, a novice DsFi (D:8)
  A death yak (Lair:5)
  Urug (Lair:5)
  The ghost of Leszczynek the Basher, a novice OgEE of Makhleb (D:7)
  3 orc high priests
  A sun demon (Lair:6)
  2 fire crabs (Lair:6)
  A wizard (Lair:6)
  6 orc knights (Orc:2)
  4 griffons
  2 oklob plants (Lair:5)
  An orc sorcerer (Orc:1)
  3 cyclopes
  A manticore (Lair:4)
  4 elephants
  A smoke demon (Lair:6)
  A torpor snail (Lair:5)
  3 orange demons (Lair:6)
  14 spiny frogs
  8 komodo dragons
  6 black mambas
  17 rime drakes
  A hellwing (Lair:6)
  An ice devil (Lair:6)
  3 trolls
  3 red devils (Lair:6)
  A queen bee (Lair:3)
  26 blink frogs
  2 boulder beetles
  12 wyverns
  2 hogs (Lair:5)
  Sigmund (D:3)
  A wraith (D:10)
  8 basilisks
  2 steam dragons
  46 yaks
  8 hippogriffs
  Menkaure (D:4)
  2 wargs (Orc:1)
  3 nagas (Lair:4)
  21 water moccasins
  2 hell hounds (Lair:6)
  11 porcupines
  26 orc warriors
  2 ice beasts (D:10)
  2 sky beasts
  2 black bears
  6 ogres
  6 wolves
  2 centaurs
  2 big kobolds (D:10)
  18 crocodiles
  11 giant frogs
  4 scorpions
  A wyvern skeleton (D:10)
  36 killer bees
  3 crimson imps
  7 howler monkeys
  A giant frog zombie (D:5)
  8 jellies
  22 orc priests
  2 hounds
  10 orc wizards
  6 hell rats (Lair:5)
  7 iguanas
  3 worker ants
  19 sheep
  A howler monkey zombie (D:9)
  A worker ant zombie (D:6)
  8 adders
  A gnoll (D:6)
  41 river rats
  A shadow imp (D:8)
  5 oozes
  2 adder zombies
  3 adder skeletons
  2 worms
  3 dart slugs
  4 giant geckos
  59 orcs
  2 bats (D:1)
  A bat zombie (D:1)
  5 giant cockroaches
  4 goblins
  4 hobgoblins
  4 jackals (D:4)
  4 quokkas
  2 ball pythons
  2 giant gecko skeletons
  A giant newt (D:3)
  A jackal skeleton (D:4)
  A jackal zombie (D:1)
  11 kobolds
  A quokka skeleton (D:9)
  6 rats
  A bush (Lair:5)
637 creatures vanquished.

Vanquished Creatures (others)
  A spiny frog (Lair:3)
  2 humans (Lair:5)
  A water moccasin (Lair:5)
  An iguana (Lair:5)
  8 river rats (Lair:5)
  8 fungi
  11 plants
32 creatures vanquished.

Grand Total: 669 creatures vanquished
